[Event "Live Chess"]
[Site "Chess.com"]
[Date "2023.05.21"]
[Round "-"]
[White "tpm07"]
[Black "Conradical12"]
[Result "1-0"]
[WhiteElo "1929"]
[BlackElo "1628"]
[TimeControl "300"]
[EndTime "22:42:52 PDT"]
[Termination "tpm07 won by resignation"]

1. e4 e5 2. Nf3 Nc6 3. Bb5 Nf6 4. d3 Bc5 5. Bxc6 dxc6 6. Nbd2 O-O 7. O-O Bd6 8. Nc4 b5 9. Ncxe5 Ng4 10. Nxg4 Bxg4 11. h3 Bxh3 12. gxh3 Re8 13. Bg5 Qd7 14. Kg2 Re6 15.
Nh4 h6 16. Be3 Qe7 17. Qg4 Qf6 18. c3 g5 19. Nf5 Qe5 20. f4 Qxf5 21. Qxf5 1-0

[Event "Live Chess"]
[Site "Chess.com"]
[Date "2023.05.21"]
[Round "-"]
[White "Rusty_Bridges"]
[Black "seabuck"]
[Result "0-1"]
[WhiteElo "1436"]
[BlackElo "1891"]
[TimeControl "300"]
[EndTime "22:42:56 PDT"]
[Termination "seabuck won by resignation"]

1. e4 c6 2. d4 d5 3. exd5 cxd5 4. Nf3 Nc6 5. Bb5 Nf6 6. O-O Bg4 7. Be3 e6 8. Nbd2 Bd6 9. c3 O-O 10. h3 Bh5 11. Qc2 Rc8 12. Bd3 Nb4 13. Qb1 Nxd3 14.
Qxd3 Bg6 15. Qe2 a5 16. Bg5 a4 17. Ne5 a3 18. bxa3 Rxc3 19. Nb3 Bxa3 20. Ng4 Be7 21. Nc5 Bxc5 22. Bxf6 gxf6 23. dxc5 Rxc5 24. Qb2 Kg7 25. Qxb7 h5 26. Ne3 d4 27. Nd1 Qd5 28. Qxd5 Rxd5 29. Nb2 d3 30. a4 d2 31. a5 Ra8 32. a6 Bd3 33. Rfd1 Bxa6 34. Na4 Rb8 35. Ra2 Rb4 36. Nb2 Be2 37. Rb1 d1=Q+ 0-1

[Event "Live Chess"]
[Site "Chess.com"]
[Date "2023.05.21"]
[Round "-"]
[White "OleksiyJr1"]
[Black "Hacker_2009"]
[Result "0-1"]
[WhiteElo "964"]
[BlackElo "1945"]
[TimeControl "300"]
[EndTime "22:42:59 PDT"]
[Termination "Hacker_2009 won by checkmate"]

1. e4 c5 2. Nf3 d6 3. d4 cxd4 4. Qxd4 Nc6 5. Bb5 Bd7 6. Bxc6 Bxc6 7. Nc3 Nf6 8. Qe3 e6 9. O-O Be7 10. Re1 O-O 11. Bd2 Rc8 12. a3 d5 13. exd5 Nxd5 14.
Nxd5 Bxd5 15. Bc3 Bf6 16. Bxf6 Qxf6 17. Rad1 Qxb2 18. Qxa7 Rxc2 19. Nd4 Rxf2 20. Nxe6 Rxg2+ 21. Kh1 Rxh2+ 22. Kg1 Qg2# 0-1

[Event "Live Chess"]
[Site "Chess.com"]
[Date "2023.05.21"]
[Round "-"]
[White "Ocelot32"]
[Black "Shepherds_Pie"]
[Result "0-1"]
[WhiteElo "1344"]
[BlackElo "1922"]
[TimeControl "300"]
[EndTime "22:43:05 PDT"]
[Termination "Shepherds_Pie won by resignation"]

1. e4 e6 2. d4 d5 3. exd5 exd5 4. Bd3 Nc6 5. Ne2 Bd6 6. O-O Nge7 7. Bf4 Bxf4 8. Nxf4 Bf5 9. Bxf5 Nxf5 10. c3 Nce7 11. Re1 c6 12. Qg4 O-O 13. Nd2 Qd6 14. Nf3 Rae8 15.
Re5 Nh6 16. Qg3 Ng6 17. Nxg6 Qxg6 18. Rg5 Qf6 19. Ne5 Nf5 20. Qg4 h6 21. Nd7 Qxg5 22. Qxg5 hxg5 23. Nxf8 Kxf8 24. g3 Nd6 25. Kg2 g4 26. h3 gxh3+ 27. Kh2 0-1

[Event "Live Chess"]
[Site "Chess.com"]
[Date "2023.05.21"]
[Round "-"]
[White "Grookey2012"]
[Black "Nazar_777"]
[Result "0-1"]
[WhiteElo "563"]
[BlackElo "1635"]
[TimeControl "300"]
[EndTime "22:43:39 PDT"]
[Termination "Nazar_777 won by resignation"]

1. e4 e6 2. Bc4 a6 3. Nf3 h5 4. d4 c5 5. d5 Nf6 6. dxe6 fxe6 7. Ng5 Be7 8. g4 Qc7 9. gxh5 Nxh5 10. Qf3 Nf6 11. Bf4 Bd6 12. e5 Bxe5 13. Bxe5 Qxe5+ 14. Qe3 Qc7 15. Nc3 Nc6 16. Nce4 Nd4 17. Nxf6+ gxf6 18. Nf3 Nxc2+ 0-1

[Event "Live Chess"]
[Site "Chess.com"]
[Date "2023.05.21"]
[Round "-"]
[White "martinsmartin63"]
[Black "BillythekidFellowes"]
[Result "0-1"]
[WhiteElo "762"]
[BlackElo "2032"]
[TimeControl "300"]
[EndTime "22:44:40 PDT"]
[Termination "BillythekidFellowes won by resignation"]

1. e4 Nc6 2. Nf3 d6 3. d4 Nf6 4. Nc3 g6 5. d5 Nb8 6. Bb5+ Bd7 7.
Qe2 Bg7 8. Bxd7+ Nbxd7 9. O-O O-O 10. e5 Nxe5 11. Nxe5 dxe5 12. Qxe5 c6 13. d6 exd6 14. Qg3 Qd7 15. Re1 Rfe8 16. Rxe8+ Rxe8 17. Bg5 Nh5 18. Qh4 Qe6 19. g3 d5 20. Bd2 d4 21. Qe4 dxc3 22.
Qxe6 Rxe6 23. Bxc3 Bxc3 24. bxc3 Nf6 25. Rd1 Kf8 26.
Rd8+ Re8 27. Rd6 Ne4 28. Rd7 Re7 29. Rd3 Nc5 30. Rd4 Kg7 31. c4 Re4 32. Rd3 Nxd3 33. cxd3 Rd4 0-1

[Event "Live Chess"]
[Site "Chess.com"]
[Date "2023.05.21"]
[Round "-"]
[White "mirandaasilva"]
[Black "MaximKhimchenko"]
[Result "0-1"]
[WhiteElo "1654"]
[BlackElo "1380"]
[TimeControl "300"]
[EndTime "22:45:02 PDT"]
[Termination "MaximKhimchenko won by checkmate"]

1. e4 c5 2. Nc3 Nf6 3. Nge2 Nc6 4.
d4 cxd4 5. Nxd4 d6 6. Nxc6 bxc6 7. Bd3 g6 8. Bg5 Bg7 9. Qd2 O-O 10. h4 Nh5 11.
O-O-O Rb8 12. Bh6 Qa5 13. Bxg7 Kxg7 14. g4 Bxg4 15. Rdg1 Be6 16. f4 Bxa2 17. Rg5 Qb4 18. Nd1 Qxd2+ 19. Kxd2 Nxf4 20. h5 Nxd3 21. Kxd3 Be6 22.
hxg6 fxg6 23. Ne3 Rxb2 24. Ng4 Bxg4 25. Rxg4 Rf2 26. Kc3 Rfxc2+ 27. Kd3 Rd2+ 28. Kc3 Rbc2+ 29. Kb3 c5 30. Rgh4 h5 31. R4h3 a5 32. Ra1 Rb2+ 33. Kc3 Rdc2+ 34. Kd3 Rb3+ 35. Kxc2 Rxh3 36. Rxa5 Re3 37.
Ra4 Kf6 38. Kd2 Rg3 39. Ra7 Rg4 40. Ke3 h4 41. Kf3 Rg5 42. Ra1 Ke5 43. Rh1 Rg3+ 44. Kf2 Rg4 45. Kf1 Rxe4 46. Rh2 g5 47. Rg2 Kf5 48.
Rc2 g4 49. Rf2+ Rf4 50. Kg1 Rxf2 51. Kh1 c4 52. Kg1 g3 53. Kh1 c3 54. Kg1 c2 55.
Kh1 c1=R# 0-1

[Event "Live Chess"]
[Site "Chess.com"]
[Date "2023.05.21"]
[Round "-"]
[White "Hacker_2009"]
[Black "Shepherds_Pie"]
[Result "1/2-1/2"]
[WhiteElo "1944"]
[BlackElo "1923"]
[TimeControl "300"]
[EndTime "22:46:26 PDT"]
[Termination "Game drawn by agreement"]

1. d4 d5 2. Nf3 Nf6 3. e3 g6 4.
c4 Bg7 5. Nc3 O-O 6. Be2 c5 7.
O-O dxc4 8. Bxc4 Nc6 9. dxc5 Qa5 10. Rb1 Qxc5 11. b3 Rd8 12. Qe2 Bg4 13. Bb2 e6 14. h3 Bxf3 15. Qxf3 Ne5 16. Qe2 Nxc4 17. Qxc4 Qxc4 18. bxc4 Rac8 19. Nb5 a6 20. Nd4 e5 21.
Nf3 e4 22. Nd4 Rxc4 23. Rfc1 Rxc1+ 24. Rxc1 Nd5 25. a3 h5 26. Rc5 Rd7 1/2-1/2

[Event "Live Chess"]
[Site "Chess.com"]
[Date "2023.05.21"]
[Round "-"]
[White "Singapourfeuj"]
[Black "LaupMiths"]
[Result "1-0"]
[WhiteElo "2207"]
[BlackElo "1803"]
[TimeControl "300"]
[EndTime "22:46:35 PDT"]
[Termination "Singapourfeuj won by resignation"]

1. d4 d5 2. Nf3 e6 3. c4 c5 4. cxd5 exd5 5. Nc3 Nc6 6. e3 Nf6 7. Be2 a6 8. O-O Bg4 9. dxc5 Bxc5 10. h3 Bh5 11. a3 O-O 12. b4 Bb6 13. Bb2 Ne4 14.
Na4 Bc7 15. Nc5 Qd6 16. Nxb7 Qg6 17. Qxd5 Rab8 18. Nc5 Rbd8 19. Qxe4 Qxe4 20. Nxe4 Rfe8 21. Nc5 Ne5 22. Bxe5 Bxe5 23. Rad1 Bb2 24. a4 Ba3 25. Nd3 Bg6 26. b5 axb5 27. axb5 Rd5 28. Nf4 Rxd1 29. Rxd1 Be4 30. Nd4 Bd6 31. Bf3 g5 32. Bxe4 gxf4 33. Nf5 Bc7 34. Bc6 Rb8 35. Ne7+ Kg7 36. Nd5 Be5 37. exf4 1-0

[Event "Live Chess"]
[Site "Chess.com"]
[Date "2023.05.21"]
[Round "-"]
[White "BillythekidFellowes"]
[Black "OleksiyJr1"]
[Result "1-0"]
[WhiteElo "2032"]
[BlackElo "961"]
[TimeControl "300"]
[EndTime "22:46:43 PDT"]
[Termination "BillythekidFellowes won - game abandoned"]

1. e4 c5 2. Nf3 Nc6 3. Nc3 d6 4. d4 cxd4 5. Nxd4 Nf6 6. Bb5 Bd7 7. O-O a6 8. Nxc6 Bxc6 9. Bxc6+ bxc6 10. Be3 e5 11. f4 Be7 12. fxe5 dxe5 13. Rf5 O-O 14.
Rxe5 Bb4 15. Bc5 1-0

[Event "Live Chess"]
[Site "Chess.com"]
[Date "2023.05.21"]
[Round "-"]
[White "profpirate4"]
[Black "Bakunian2022"]
[Result "1-0"]
[WhiteElo "1206"]
[BlackElo "760"]
[TimeControl "300"]
[EndTime "22:46:57 PDT"]
[Termination "profpirate4 won by resignation"]

1. d4 d5 2. c4 dxc4 3. e4 e6 4. Bxc4 Nf6 5. e5 Nd5 6. Nc3 Nxc3 7. bxc3 c6 8. Nf3 b5 9. Bb3 a5 10. O-O a4 11. Bc2 Ba6 12. Re1 Be7 13. Qd3 g6 14. Bh6 b4 15. Qd2 bxc3 16. Qxc3 Bb5 17. Bd3 Na6 18.
Reb1 Nc7 19. Nd2 Nd5 20. Qc1 Bg5 21. Bxb5 cxb5 22. Qc6+ Ke7 23. Bxg5+ 1-0

[Event "Live Chess"]
[Site "Chess.com"]
[Date "2023.05.21"]
[Round "-"]
[White "YrrriKharkiv"]
[Black "Conradical12"]
[Result "1-0"]
[WhiteElo "2015"]
[BlackElo "1626"]
[TimeControl "300"]
[EndTime "22:48:49 PDT"]
[Termination "YrrriKharkiv won by resignation"]

1. d4 Nf6 2. Bf4 d6 3. e3 Nc6 4. Nf3 g6 5. c3 Bg7 6. Nbd2 e5 7.
Bg3 O-O 8. Bb5 Bd7 9. d5 Nxd5 10. e4 Nf6 11. O-O a6 12. Ba4 b5 13. Bc2 Nh5 14. a4 f5 15. exf5 gxf5 16. h3 Qe7 17. Nxe5 dxe5 18. Qxh5 Rf6 19. Bh4 Raf8 20. axb5 axb5 21.
Bxf6 Rxf6 22. Bb3+ Kh8 23. Ra8+ Nd8 24. Rd1 Rg6 25. Nf1 Bf8 26. Rxd8 Qxd8 27. Qxf5 Bxf5 28. Rxd8 Be4 29. Rxf8+ Kg7 30. Rg8+ 1-0

[Event "Live Chess"]
[Site "Chess.com"]
[Date "2023.05.21"]
[Round "-"]
[White "Biranidun"]
[Black "Tushinskiy"]
[Result "1-0"]
[WhiteElo "2553"]
[BlackElo "2203"]
[TimeControl "300"]
[EndTime "22:48:50 PDT"]
[Termination "Biranidun won by resignation"]

1. e4 e5 2. Nf3 d6 3. Nc3 Bg4 4. Bc4 Nf6 5. h3 Bh5 6. d3 Nbd7 7. Be3 Be7 8. g4 Bg6 9. Ne2 c6 10. Bb3 Qc7 11. Ng3 d5 12. Nh4 dxe4 13. Nxg6 hxg6 14. dxe4 Nc5 15. Qf3 Nxb3 16. axb3 a5 17. Kf1 Nd7 18. Kg2 Nc5 19. Bxc5 Bxc5 20. h4 O-O-O 21. h5 Rd2 22. Rhf1 gxh5 23. gxh5 Rxc2 24. Qg4+ Kb8 25.
Qxg7 Qd8 26. Qxe5+ Bd6 27. Qxa5 Qxa5 28. Rxa5 Rxb2 29.
Rfa1 Kc7 30. Rf5 Rh7 31. Rf3 Bxg3 32. Kxg3 Kb6 33. Rh1 Kc5 34. Kf4 b5 35. h6 Kb4 36.
Rhh3 c5 37. Kg5 Re2 38. Kf5 c4 39. bxc4 bxc4 40. e5 Re1 41. Rf4 Rc1 42. Rg4 Rc3 43. Rh2 Rf3+ 44. Ke4 Ra3 45. Rg7 Rh8 46. Rxf7 c3 47.
Rb7+ Kc4 48. Rc7+ Kb3 49. f4 Ra4+ 50. Ke3 Rf8 51. Rb7+ Ka3 52. h7 Raxf4 53. h8=Q Rf3+ 54. Ke2 Rf2+ 55. Rxf2 Rxh8 56. Rf6 Rh2+ 57. Kd3 Rh3+ 58. Kc2 Rh2+ 59. Kxc3 Rh3+ 60. Kd4 1-0

[Event "Live Chess"]
[Site "Chess.com"]
[Date "2023.05.21"]
[Round "-"]
[White "Ocelot32"]
[Black "Nazar_777"]
[Result "1-0"]
[WhiteElo "1365"]
[BlackElo "1622"]
[TimeControl "300"]
[EndTime "22:49:07 PDT"]
[Termination "Ocelot32 won by checkmate"]

1. e4 e6 2. d4 a6 3. Nf3 h5 4. c4 c5 5. d5 Nf6 6. Nc3 Be7 7. e5 Ng8 8. d6 Bf8 9. Bd3 b6 10. O-O Bb7 11. Bg5 Qc8 12. Bh4 Nh6 13. Ng5 Nc6 14.
Nge4 Nxe5 15. Bg5 Qc6 16. Bxh6 gxh6 17. Nf6+ Kd8 18. f3 Nxd3 19. Qxd3 Bxd6 20. Rad1 Bxh2+ 21. Kh1 d5 22. cxd5 exd5 23. Ncxd5 Kc8 24. Ne7+ Kb8 25.
Nxc6+ Bxc6 26. Nd7+ Kb7 27. Kxh2 Rad8 28. Qc3 Rhg8 29.
Ne5 Rd4 30. Rxd4 cxd4 31. Qxc6+ Ka7 32. Nd7 Rd8 33. Qxb6+ Ka8 34. Qxa6# 1-0

[Event "Live Chess"]
[Site "Chess.com"]
[Date "2023.05.21"]
[Round "-"]
[White "nigelst"]
[Black "KeithArkell"]
[Result "0-1"]
[WhiteElo "1724"]
[BlackElo "2560"]
[TimeControl "300"]
[EndTime "22:49:10 PDT"]
[Termination "KeithArkell won on time"]

1. e4 c6 2. d4 d5 3. exd5 cxd5 4.
Bd3 Nf6 5. Nf3 Nc6 6. O-O Bg4 7. c3 e6 8. h3 Bh5 9. Be3 Bd6 10. Re1 Qc7 11. g4 Bg6 12. Kg2 Bxd3 13. Qxd3 Bf4 14.
Na3 Bxe3 15. Qxe3 a6 16. Nd2 O-O 17. f4 Rfe8 18. Qf2 g6 19. Nc2 b5 20. Ne3 b4 21. Rac1 bxc3 22. Rxc3 Qd6 23. Nc2 Rab8 24. b3 Rec8 25. g5 Nh5 26. Rf3 Ne7 27. Ne3 Rc7 28. Ng4 Nf5 29. Re2 Rbc8 30. h4 Rc3 31. Ree3 Nxe3+ 32. Rxe3 Rxe3 33. Nxe3 Qxf4 34. Qxf4 Nxf4+ 35. Kf3 Nd3 36. Ng4 Kg7 37. Kg3 Rc3 38. Nf3 Ne1 39. Ne5 Nxf3 40. Nxf3 Rc2 41. Kg4 Rxa2 42. h5 gxh5+ 43. Kxh5 Rb2 44. Kg4 Rxb3 45. Ne5 Rb4 0-1

[Event "Live Chess"]
[Site "Chess.com"]
[Date "2023.05.21"]
[Round "-"]
[White "Doge_Dandolo"]
[Black "Long1968"]
[Result "1-0"]
[WhiteElo "1907"]
[BlackElo "1048"]
[TimeControl "300"]
[EndTime "22:49:16 PDT"]
[Termination "Doge_Dandolo won on time"]

1. Nf3 Nf6 2. c4 g6 3. Nc3 Bg7 4. e4 e6 5. d4 d5 6. Bg5 h6 7. Bxf6 Bxf6 8. e5 Bg7 9. c5 b6 10. Bb5+ Bd7 11. b4 a6 12. Qa4 Bxb5 13. Nxb5 Nd7 14. Nc3 b5 15. Qc2 O-O 16. O-O Qe8 17. a4 f6 18. exf6 Nxf6 19. Rfe1 Ng4 20. Nxd5 Qc6 21.
Ne3 Rxf3 22. gxf3 Qxf3 23. Nxg4 Qxg4+ 24. Kf1 Bxd4 25. Ra3 Re8 26. Rg3 Qf5 27. Qxf5 1-0

[Event "Live Chess"]
[Site "Chess.com"]
[Date "2023.05.21"]
[Round "-"]
[White "LutherSullivan"]
[Black "raminguy"]
[Result "1-0"]
[WhiteElo "2190"]
[BlackElo "1941"]
[TimeControl "300"]
[EndTime "22:49:29 PDT"]
[Termination "LutherSullivan won on time"]

1. d4 d5 2. Nf3 Nf6 3. Bf4 e6 4.
e3 Bd6 5. Bg3 O-O 6. Nbd2 b6 7.
Bd3 c5 8. c3 Bb7 9. O-O Qc7 10.
Rc1 c4 11. Bb1 Nbd7 12. Qc2 g6 13. b3 b5 14. a4 a6 15. b4 e5 16. dxe5 Nxe5 17.
Nxe5 Bxe5 18. Bxe5 Qxe5 19. Nf3 Qd6 20. Nd4 Ng4 21. g3 bxa4 22. Qxa4 Qe5 23. Qd7 Qh5 24. h4 Bc8 25. Qc6 Ra7 26. Rce1 Re7 27. Bc2 Nh6 28. Qf6 Ra7 29. Nc6 Rc7 30. Ne7+ Rxe7 31. Qxe7 Qg4 32. Qg5 Qf3 33. Bd1 Qe4 34. f3 1-0

[Event "Live Chess"]
[Site "Chess.com"]
[Date "2023.05.21"]
[Round "-"]
[White "Singapourfeuj"]
[Black "Hacker_2009"]
[Result "1-0"]
[WhiteElo "2210"]
[BlackElo "1941"]
[TimeControl "300"]
[EndTime "22:49:40 PDT"]
[Termination "Singapourfeuj won by resignation"]

1. d4 Nf6 2. Nf3 e6 3. g3 d5 4. Bg2 c5 5. O-O Nc6 6. c3 Be7 7. a4 O-O 8. Bg5 b6 9. Re1 Bb7 10. Nbd2 h6 11. Bxf6 Bxf6 12. e4 cxd4 13. e5 Be7 14. cxd4 Rc8 15. Rc1 Nb4 16. Qb3 Qd7 17. h4 Rxc1 18. Rxc1 Rc8 19. Rc3 Ba6 20. Bf1 Bxf1 21.
Nxf1 Rc6 22. Ne3 a5 23. g4 Qc8 24. g5 hxg5 25. hxg5 g6 26. Ng4 Qc7 27. Nf6+ Kg7 28. Nd2 Rxc3 29. bxc3 Nd3 30. Ne8+ 1-0

[Event "Live Chess"]
[Site "Chess.com"]
[Date "2023.05.21"]
[Round "-"]
[White "Conradical12"]
[Black "Tushinskiy"]
[Result "0-1"]
[WhiteElo "1625"]
[BlackElo "2204"]
[TimeControl "300"]
[EndTime "22:50:08 PDT"]
[Termination "Tushinskiy won by resignation"]

1. e4 e5 2. f4 d6 3. Nf3 Bg4 4. fxe5 dxe5 5. Bc4 Nd7 6. d3 Ngf6 7. Ng5 Bxd1 8. Nc3 Bh5 9. O-O Bc5+ 10. Rf2 Bxf2+ 11. Kxf2 O-O 0-1

[Event "Live Chess"]
[Site "Chess.com"]
[Date "2023.05.21"]
[Round "-"]
[White "ProfPoisson"]
[Black "Jo1ts"]
[Result "1-0"]
[WhiteElo "1121"]
[BlackElo "822"]
[TimeControl "300"]
[EndTime "22:50:14 PDT"]
[Termination "ProfPoisson won by resignation"]

1. e4 d5 2. exd5 Qxd5 3. Nc3 Qd8 4. d4 Nf6 5. Nf3 Bg4 6. Be2 g6 7. O-O Bg7 8. Ne5 Bxe2 9. Qxe2 Qxd4 10. Rd1 Qh4 11.
Nd5 Nxd5 12. Rxd5 O-O 13. Nf3 Qf6 14. Bg5 Qxb2 15. Rad1 e6 16. Rd8 Nc6 17. R8d7 Qb6 18. Be3 Qb2 19. Ng5 Rac8 20. Qf3 f5 21. Nxe6 Qxc2 22. Rxg7+ Kh8 23. Rc1 Qxa2 24. Qh3 h5 25. Rxg6 1-0

[Event "Live Chess"]
[Site "Chess.com"]
[Date "2023.05.21"]
[Round "-"]
[White "chessfiction"]
[Black "HonestJoe1"]
[Result "1-0"]
[WhiteElo "2348"]
[BlackElo "2094"]
[TimeControl "300"]
[EndTime "22:50:35 PDT"]
[Termination "chessfiction won by resignation"]

1. e4 c5 2. Nf3 Nc6 3. d4 cxd4 4. Nxd4 g6 5. Bc4 Bg7 6. Be3 Nf6 7. Nc3 O-O 8. O-O Ng4 9. Qxg4 Nxd4 10. Qd1 Nc6 11.
Qd2 d6 12. Bh6 Be6 13. Bxe6 fxe6 14. Bxg7 Kxg7 15. Rad1 Qb6 16. Na4 Qc7 17. b3 b5 18.
Nb2 Ne5 19. f4 Qb6+ 20. Kh1 Ng4 21. Rde1 Rac8 22. c4 a6 23. Qc3+ Kg8 24. Qg3 Nf6 25. Qh3 Qd4 26. Qxe6+ Kh8 27. Re2 bxc4 28. Nxc4 Qd3 29.
Rfe1 Rce8 30. e5 Nh5 31. exd6 Nxf4 32. Qe5+ Kg8 33. dxe7 Rf7 34. Qe3 Rfxe7 35. Qxd3 Nxd3 36. Rxe7 1-0

[Event "Live Chess"]
[Site "Chess.com"]
[Date "2023.05.21"]
[Round "-"]
[White "Shepherds_Pie"]
[Black "MaximKhimchenko"]
[Result "0-1"]
[WhiteElo "1908"]
[BlackElo "1395"]
[TimeControl "300"]
[EndTime "22:50:52 PDT"]
[Termination "MaximKhimchenko won by resignation"]

1. c4 e5 2. Nc3 Nf6 3. Nf3 Nc6 4. e3 d5 5. cxd5 Nxd5 6. Bb5 Nxc3 7.
bxc3 Bd7 8. Bxc6 Bxc6 9. Nxe5 Bxg2 10. Qa4+ c6 11. Rg1 Bh3 12. Ba3 Be6 13. Bxf8 Kxf8 14.
Qb4+ Qe7 15. Qxe7+ Kxe7 16. Rb1 Rab8 17. Rxg7 Kf6 18.
Nxc6 bxc6 19. Rxb8 Rxb8 20. Rxh7 Bf5 21. Rh4 Bd3 22. f4 Rb1+ 23. Kf2 Rb2 24. Kf3 Rxd2 25. e4 Rxa2 26. Rh6+ Kg7 27. Rxc6 Ra4 28. e5 Be4+ 0-1

[Event "Live Chess"]
[Site "Chess.com"]
[Date "2023.05.21"]
[Round "-"]
[White "MaximKris"]
[Black "profpirate4"]
[Result "1-0"]
[WhiteElo "1842"]
[BlackElo "1205"]
[TimeControl "300"]
[EndTime "22:51:17 PDT"]
[Termination "MaximKris won by resignation"]

1. e4 c5 2. Nf3 d6 3. c3 Nf6 4. Bd3 a6 5. O-O b5 6. a4 c4 7. Bc2 Bb7 8. axb5 axb5 9. Rxa8 Bxa8 10. Re1 e5 11. d3 Nc6 12. d4 Be7 13. d5 Na5 14. Na3 Qb8 15. Nxb5 Nb3 16. Bxb3 cxb3 17. Qxb3 O-O 18. c4 Qb6 19. Be3 Qa5 20. Qa3 Qxa3 21. bxa3 Rb8 22. a4 Bd8 23. Ba7 Rb7 24. c5 dxc5 25.
Bxc5 Ba5 26. Rc1 Nxe4 27. Bb6 Rb8 28. Bxa5 Bxd5 29. Nxe5 h6 30. Nc6 Rc8 31. Ne7+ Kh7 32. Nxc8 1-0

[Event "Live Chess"]
[Site "Chess.com"]
[Date "2023.05.21"]
[Round "-"]
[White "seabuck"]
[Black "peter-785"]
[Result "1-0"]
[WhiteElo "1891"]
[BlackElo "1217"]
[TimeControl "300"]
[EndTime "22:51:20 PDT"]
[Termination "seabuck won by resignation"]

1. d4 d5 2. c4 c6 3. Nc3 e6 4.
cxd5 cxd5 5. Nf3 Nf6 6. Bg5 Be7 7. e3 O-O 8. Bd3 Ng4 9. Bxe7 Qxe7 10. O-O a6 11.
Rc1 b5 12. a3 Bb7 13. h3 Nf6 14. Ne5 Nbd7 15. f4 Rfc8 16. Qe2 Ne4 17. Bxe4 dxe4 18. Rc2 Nxe5 19. fxe5 Qg5 20. Rf4 Rf8 21. Nxe4 Bxe4 22. Rxe4 Qf5 23. Rf4 Qg6 24. Rf1 Rac8 25. Rfc1 Rxc2 26.
Qxc2 Qg3 27. Qf2 Qg5 28. Rc6 h6 29. Rxa6 Rc8 30. Rb6 Rc1+ 31. Kh2 Qd8 32. Rxb5 f6 33.
exf6 Qd6+ 34. Qg3 1-0

[Event "Live Chess"]
[Site "Chess.com"]
[Date "2023.05.21"]
[Round "-"]
[White "SavagePawn7"]
[Black "smoggyrabbit"]
[Result "0-1"]
[WhiteElo "788"]
[BlackElo "1739"]
[TimeControl "300"]
[EndTime "22:51:49 PDT"]
[Termination "smoggyrabbit won on time"]

1. e4 e6 2. d4 d5 3. c4 c5 4.
dxc5 Bxc5 5. cxd5 exd5 6. exd5 Nf6 7. Nc3 O-O 8. Nf3 b6 9. Be2 Bb7 10. O-O Nxd5 11. Nxd5 Qxd5 12. Qxd5 Bxd5 13. Rd1 Bc6 14. b3 Re8 15. Bc4 Bxf3 16. gxf3 Nc6 17. Bb2 Rad8 18.
Rxd8 Rxd8 19. Re1 h6 20. Kg2 Rd2 21. Re2 Rxe2 22. Bxe2 Nd4 23. Bc4 Kf8 24. Bc1 Ke7 25.
Bf4 Ne6 26. Bb8 a5 27. Be5 f6 28. Bc3 Kd6 29. Bb2 Nf4+ 30. Kg3 Nd5 31. Bc1 Kc6 32. Bd2 b5 33. Be2 b4 34. Bc1 Nc3 35. Bc4 Nxa2 36.
Bd2 Nc3 37. Bxc3 bxc3 38. Bd3 Kd5 39. Kf4 Kd4 40. Bc2 Kd5 41. Kg3 Bd4 42. Kg4 Kc5 43. f4 Bxf2 44. Kf3 Bd4 45. Kg4 Kb4 46. f5 Ka3 47.
Kf4 Kb2 48. Bd3 c2 49. Bxc2 Kxc2 50. Ke4 Kxb3 51. Kf4 a4 52. Ke4 a3 53. Kf4 a2 54.
Ke4 a1=Q 55. Kd5 Qd1 56. Ke6 Qf3 57. Kf7 Qe4 58. Kg6 Kc4 59. Kh7 Kd5 60. Kg6 Ke5 61. Kf7 Qxf5 62. Kg8 Qg6 0-1

[Event "Live Chess"]
[Site "Chess.com"]
[Date "2023.05.21"]
[Round "-"]
[White "chessfiction"]
[Black "Jo1ts"]
[Result "1-0"]
[WhiteElo "2348"]
[BlackElo "822"]
[TimeControl "300"]
[EndTime "22:52:09 PDT"]
[Termination "chessfiction won by resignation"]

1. e4 d5 2. d4 dxe4 3. f3 exf3 4. Nxf3 Nf6 5. Bc4 Bg4 6. Ne5 Be6 7. Bxe6 fxe6 8.
O-O Qd5 9. Nc3 Qe4 10. Nxe4 Nxe4 11. Qh5+ 1-0

[Event "Live Chess"]
[Site "Chess.com"]
[Date "2023.05.21"]
[Round "-"]
[White "YrrriKharkiv"]
[Black "KeithArkell"]
[Result "0-1"]
[WhiteElo "2014"]
[BlackElo "2561"]
[TimeControl "300"]
[EndTime "22:52:19 PDT"]
[Termination "KeithArkell won by resignation"]

1. d4 e6 2. Nf3 Nf6 3. c4 Bb4+ 4. Bd2 Bxd2+ 5. Qxd2 d6 6. Nc3 Qe7 7. e4 e5 8. d5 Bg4 9. Ng1 a5 10. Be2 Na6 11. Bxg4 Nxg4 12. Nf3 Nc5 13. Rb1 O-O 14. b3 f5 15. exf5 Rxf5 16. O-O Raf8 17. b4 axb4 18. Rxb4 e4 19. Nd4 Rxf2 20. Rxf2 Rxf2 21. Qd1 Rxg2+ 0-1

[Event "Live Chess"]
[Site "Chess.com"]
[Date "2023.05.21"]
[Round "-"]
[White "Singapourfeuj"]
[Black "JamesWallman"]
[Result "1-0"]
[WhiteElo "2210"]
[BlackElo "758"]
[TimeControl "300"]
[EndTime "22:52:27 PDT"]
[Termination "Singapourfeuj won by checkmate"]

1. d4 d5 2. c4 e6 3. Nf3 Nf6 4. Nc3 Be7 5. cxd5 exd5 6. Bg5 Bf5 7. e3 Nc6 8. a3 Qd7 9. Qb3 O-O-O 10. Bb5 h6 11.
Ne5 Qe8 12. Bf4 a6 13. Bxc6 bxc6 14. Rc1 Bd6 15. Na4 Bxe5 16. Nc5 Bxd4 17. Qb7# 1-0

[Event "Live Chess"]
[Site "Chess.com"]
[Date "2023.05.21"]
[Round "-"]
[White "tpm07"]
[Black "Rusty_Bridges"]
[Result "0-1"]
[WhiteElo "1914"]
[BlackElo "1484"]
[TimeControl "300"]
[EndTime "22:52:28 PDT"]
[Termination "Rusty_Bridges won by resignation"]

1. e4 d6 2. d4 Nf6 3. Nc3 Nbd7 4.
Be3 e5 5. Nf3 h6 6. h3 c6 7. a4 Be7 8. Be2 Qc7 9. O-O g5 10.
Nh2 Nf8 11. Bg4 Ng6 12. Bxc8 Qxc8 13. Ng4 Nf4 14. Bxf4 gxf4 15. dxe5 Nxg4 16. Qxg4 Qxg4 17. hxg4 dxe5 18. Rad1 Rd8 19. Rxd8+ Kxd8 20. Rd1+ Kc7 21. Ne2 Rd8 22. Rxd8 Kxd8 23. f3 Kd7 24. Kf1 b5 25. Nc3 a6 26. Ke2 Bb4 27. Kd3 Bxc3 28. Kxc3 Kd6 29.
Kb4 bxa4 30. Kxa4 Kc5 31. Ka5 Kd4 32. Kxa6 Ke3 33. Kb6 Kf2 34. Kxc6 Kxg2 35. b4 Kxf3 36. b5 Kxg4 37. b6 f3 38. b7 f2 39. b8=Q f1=Q 40. Qg8+ Kf3 41. Qxf7+ Ke2 42. Qh5+ Qf3 43. Qh2+ Ke3 44.
Qxh6+ Kxe4 45. c4 Kd4+ 46. Kd7 Qb7+ 47. Ke8 e4 48. Qe6 e3 49. c5 Qd5 50. Qd6 e2 51. Qg3 Qe5+ 0-1

[Event "Live Chess"]
[Site "Chess.com"]
[Date "2023.05.21"]
[Round "-"]
[White "mirandaasilva"]
[Black "martinsmartin63"]
[Result "1-0"]
[WhiteElo "1654"]
[BlackElo "762"]
[TimeControl "300"]
[EndTime "22:52:34 PDT"]
[Termination "mirandaasilva won by resignation"]

1. g3 d5 2. Bg2 Nf6 3. Nf3 Nc6 4. O-O e5 5. d3 e4 6. Re1 exf3 7. exf3+ Be7 8. Bh6 gxh6 9. Nc3 d4 10. f4 Nb4 11.
Bc6+ Nxc6 12. Qe2 dxc3 13. d4 Nxd4 14. Qc4 Nf3+ 15. Kg2 Nxe1+ 16. Rxe1 Be6 17. Qxc3 Qd5+ 18. Kg1 Qd6 19. f5 Bd7 20. Qe3 O-O 21. Qxh6 Bxf5 22.
Qg5+ Kh8 23. Qxf5 Qd2 24. Rxe7 Qd1+ 25. Kg2 Qd5+ 26. Qf3 Qxf3+ 27. Kxf3 Rad8 28. Rxc7 Rd2 29. b4 Rxc2 30. Rxc2 Nd5 31. a3 b5 32. Rc5 Rd8 33.
Rxb5 a6 34. Rb7 Nc3 35. Rxf7 Rd3+ 36. Kg2 Ne4 37. a4 Rb3 38. Ra7 Rxb4 39. Rxa6 Nc3 40. a5 Ra4 41. Ra8+ Kg7 42. a6 Nb5 43. Rb8 Rxa6 44. Rxb5 1-0

[Event "Live Chess"]
[Site "Chess.com"]
[Date "2023.05.21"]
[Round "-"]
[White "MaximKris"]
[Black "MaximKhimchenko"]
[Result "1-0"]
[WhiteElo "1843"]
[BlackElo "1394"]
[TimeControl "300"]
[EndTime "22:53:05 PDT"]
[Termination "MaximKris won by resignation"]

1. e4 c5 2. Nf3 Nc6 3. Bb5 d6 4. O-O Bd7 5. d4 cxd4 6. Nxd4 Ne5 7. Bxd7+ Qxd7 8. Nc3 Nf6 9. Bf4 g6 10. Bxe5 dxe5 11.
Ndb5 Qxd1 12. Raxd1 Rc8 13. Nxa7 Ra8 14. Nab5 Rc8 15.
Na7 Ra8 16. Ncb5 1-0